 Dungeon Crawl Stone Soup version 0.32-a0-290-g598725c5f2 (webtiles) character file.

Game seed: 9057093335558195746

268 Persephone the Chopper (level 6, 0/51 HPs)
             Began as a Mountain Dwarf Fighter on Feb 13, 2024.
             Incinerated by a bombardier beetle (4 damage)
             ... with a burning spray
             ... on level 4 of the Dungeon.
             The game lasted 00:03:46 (2872 turns).

Persephone the Chopper (Mountain Dwarf Fighter)     Turns: 2872, Time: 00:03:46

Health: 0/51       AC: 10    Str: 21    XL:     6   Next: 1%
Magic:  6/6        EV:  9    Int:  8    God:
Gold:   206        SH:  4    Dex:  9    Spells: 5/5 levels left

rFire   . . .        a - +0 war axe
rCold   . . .        c - +0 buckler
rNeg    . . .        b - +0 scale mail
rPois   .            o - +0 helmet
rElec   .            j - +1 cloak {Will+}
rCorr   .            (no gloves)
SInv    .            (no boots)
Will    +....        (no amulet) Stlth
                     (no ring)
HPRegen 0.28/turn    (no ring)
MPRegen 0.10/turn

%: no passive effects
@: on fire, glowing
A: runic magic, artefact enchanting
a: no special abilities


You were on level 4 of the Dungeon.
You visited 1 branch of the dungeon, and saw 4 of its levels.

You collected 206 gold pieces.

Inventory:

Hand Weapons
 a - a +0 war axe (weapon)
Armour
 b - a +0 scale mail (worn)
 c - a +0 buckler (worn)
 j - a +1 cloak of willpower (worn)
 o - a +0 helmet (worn)
Wands
 d - a wand of polymorph (7)
 h - a wand of quicksilver (8)
Scrolls
 i - a scroll of enchant weapon
 k - a scroll of amnesia
Potions
 e - a potion of mutation {unknown}
 f - a potion of lignification {unknown}
 g - a potion of degeneration {unknown}
 l - 2 potions of curing {unknown}
 n - a potion of ambrosia {unknown}
 s - a potion of brilliance {unknown}


   Skills:
 - Level 3.2 Fighting
 * Level 6.4 Axes
 - Level 3.2 Armour
 - Level 5.0 Shields


You had 5 spell levels left.
You didn't know any spells.
Your spell library contained the following spells:

 Spells                   Type           Power      Damage    Failure   Level
 Magic Dart               Conj           0%         1d3       56%         1
 Blink                    Tloc           0%         N/A       71%         2
 Call Imp                 Summ           0%         N/A       71%         2
 Ensorcelled Hibernation  Hex/Ice        0%         N/A       71%         2
 Mercury Vapours          Alch/Air       0%         N/A       71%         2
 Mephitic Cloud           Conj/Alch/Air  0%         N/A       90%         3
 Passwall                 Erth           0%         N/A       90%         3
 Swiftness                Air            0%         N/A       90%         3
 Freezing Cloud           Conj/Ice/Air   0%         6-21      100%        5


Dungeon Overview and Level Annotations

Branches:
Dungeon (4/15)
 Temple: D:4-7

Altars:
Uskayaw
Wu Jian

Shops:
D:4 :


Innate Abilities, Weirdness & Mutations

Your spellcasting is much less encumbered by armour.
You can use scrolls of enchantment on lesser artefacts.


Message History

The bombardier beetle is heavily wounded.
The liquid fire burns you!
The bombardier beetle barely misses you.
You closely miss the bombardier beetle.
The bombardier beetle is heavily wounded.
The liquid fire burns you!
You barely miss the bombardier beetle.
The bombardier beetle is heavily wounded.
The liquid fire burns you!
The bombardier beetle sprays incendiary fluid at you.
The burning spray hits you.
You are even more covered in liquid fire!
You slash the bombardier beetle!
The bombardier beetle is almost dead.
The liquid fire burns you! The bombardier beetle bites you.
You barely miss the bombardier beetle.
The bombardier beetle is almost dead.
The liquid fire burns you!
* * * LOW HITPOINT WARNING * * *
The bombardier beetle sprays incendiary fluid at you.
The burning spray hits you.
You are even more covered in liquid fire!
You hit the bombardier beetle.
You kill the bombardier beetle!
The liquid fire burns you!
* * * LOW HITPOINT WARNING * * *
Training target 5.0 for Shields reached!
Your Shields skill increases to level 5!
You have reached level 6!
You shake off some of the fire as you move.
The liquid fire burns you!
* * * LOW HITPOINT WARNING * * *
The kobold throws a stone.
You block the stone.
You shake off some of the fire as you move.
The liquid fire burns you!
* * * LOW HITPOINT WARNING * * *
You shake off some of the fire as you move.
The liquid fire burns you!
You die...

,,**,,,.~~~.~P~P≈≈~~...*,**
,,,,,,,~.~~K~≈≈≈≈~P~..##,*
~~~,~~~~~O≈≈≈≈≈~~~.~....,*
~~,~~~~≈≈≈≈≈≈~~~.PP...#***
~~~~~~~≈≈≈≈≈≈~.~~.....#
~~~~~~~≈≈P~~P~.~..#..#*
,~,~,,~≈~~~.~†~.....##
,,,,,~,~P....†....####
,***,,,.........@##### ,*
****############### **
###############
###############
###############
###############
###############


You could see an ogre and a kobold.

Vanquished Creatures
  A centaur (D:3)
  A bombardier beetle (D:4)
  Crazy Yiuf (D:2)
  Robin (D:2)
  3 ribbon worms
  5 ball pythons
  6 bats
  9 endoplasms
  3 giant cockroaches
  9 goblins
  9 hobgoblins
  2 jackals (D:4)
  6 kobolds
  2 quokkas
  5 frilled lizards
  A rat (D:1)
64 creatures vanquished.

Notes
Turn   | Place    | Note
-------+----------+-------------------------------------------
     0 | D:1      | Persephone the Mountain Dwarf Fighter began the quest for
                  | the Orb.
     0 | D:1      | Reached XP level 1. HP: 19/19 MP: 1/1
   144 | D:1      | Reached skill level 3 in Axes
   159 | D:1      | You fall into a shaft and drop 1 floor!
   190 | D:2      | Reached XP level 2. HP: 10/26 MP: 2/2
   347 | D:2      | Found a hide-covered altar of Uskayaw.
   504 | D:2      | Reached XP level 3. HP: 31/31 MP: 3/3
   662 | D:2      | Noticed Robin
   664 | D:2      | Reached skill level 4 in Axes
   697 | D:2      | Killed Robin
   698 | D:2      | Reached XP level 4. HP: 8/38 MP: 4/4
   924 | D:2      | Found a runed translucent door.
   926 | D:2      | Noticed Crazy Yiuf
  1280 | D:2      | Killed Crazy Yiuf
  1404 | D:1      | Reached skill level 5 in Axes
  2112 | D:3      | Found an ornate altar of the Wu Jian Council.
  2157 | D:3      | Reached XP level 5. HP: 45/45 MP: 5/5
  2654 | D:3      | Noticed a centaur
  2661 | D:3      | Killed a centaur
  2662 | D:3      | Reached skill level 6 in Axes
  2853 | D:4      | Found Jyoblu's Tremendous Tomes.
  2854 | D:4      | Noticed an ogre
  2870 | D:4      | Reached skill level 5 in Shields
  2870 | D:4      | Reached XP level 6. HP: 11/51 MP: 6/6
  2872 | D:4      | Incinerated by a bombardier beetle

Illustrated notes

Levels and vault maps discovered:
D:1:      dpeg_chamrin_arrival_tetris, layout_loops_ring
D:2:      layout_basic, basic_altar, uniq_crazy_yiuf_cottage, uniq_robin
D:3:      layout_loops_ring, nicolae_wu_jian_wuxing_cycle
D:4:      layout_rooms, gammafunk_ghost_mausoleum, chequers_big_river,
          nicolae_shop_i_like_big_books, st_stairs_5,
          minmay_misc_feat_four_crosses

Skill      XL: |  1  2  3  4  5 |
---------------+----------------+-----
Axes           | 3 4 5 6 |  6.4
Shields        | 4 5 |  5.0
Fighting       | |  3.2
Armour         | |  3.2

Action                     |  1- 3 |  4- 6 || total
---------------------------+-------+-------++-------
  Melee: War axe           |    81 |   114 ||   195
    Use: Potion            |     1 |       ||     1
         Scroll            |       |     5 ||     5
 Armour: Scale mail        |    81 |    80 ||   161
  Dodge: Dodged            |    34 |    68 ||   102
  Block: Buckler           |    12 |    30 ||    42

Table legend: (Time is in decaauts)
 A = Elapsed time spent in this place.
 B = Non-inter-level travel time spent in this place.
 C = Inter-level travel time spent in this place.
 D = Time resting spent in this place.
 E = Time spent auto-exploring this place.
 F = Levels seen in this place.
 G = Mean time per level.
                   A        B        C        D        E       F      G
               +--------+--------+--------+--------+--------+-----+--------+
         Total |   2931 |   2748 |    183 |      0 |   2255 |   4 |  732.8 |
       Dungeon |   2931 |   2748 |    183 |      0 |   2255 |   4 |  732.8 |
               +--------+--------+--------+--------+--------+-----+--------+

Top non-repeatable levels by time:
     D:2: 1285 daAuts
     D:3: 844 daAuts
     D:1: 774 daAuts
     D:4: 27 daAuts
